Map: Orbital Shipyard

Players

LilDicky

  • Race: Terran Terran
  • League: Diamond

MadStar - Winner!

  • Race: Terran Terran
  • League: Diamond

VOD

http://www.twitch.tv/tumescentpie

Description

Time

  • Played on: Nov. 24, 2015, 6:02 p.m.
  • Length: 10:53
Show
View Real Time Build Order
Export as new Build Order

LilDicky Terran 

Build Orders:  

Get SALT Encoding   

  12  0:01  SCV  
  13  0:13  SCV  
  14  0:17  Supply Depot  
  14  0:27  SCV, Refinery  
  15  0:39  SCV  
  16  0:46  Barracks  
  16  0:52  SCV  
  17  1:06  Barracks  
  17  1:08  SCV  
  18  1:21  SCV  
  19  1:33  SCV  
  19  1:38  Supply Depot, Reaper  
  21  1:45  Orbital Command  
  22  1:54  Reaper, Barracks  
  22  1:59  Refinery  
  22  2:10  SCV  
  22  2:11  Reaper  
  25  2:22  SCV  
  25  2:24  Supply Depot  
  25  2:26  Reaper  
  26  2:44  SCV, Reaper  
  27  2:46  Marine  
  27  2:48  Barracks  
  29  2:56  SCV  
  31  2:58  Reaper  
  31  3:04  Reaper  
  30  3:09  SCV  
  31  3:16  Reaper  
  32  3:30  SCV, Reaper  
  34  3:36  Reaper  
  34  3:39  Reaper  
  36  3:41  Command Center  
  36  3:42  Supply Depot  
  36  3:43  SCV  
  36  3:48  Reaper  
  37  4:11  Reaper  
  37  4:12  Reaper x2  
  38  4:19  SCV  
  38  4:20  Reaper  
  22  4:51  SCV  
  22  4:57  Reaper x2  
  24  5:03  Orbital Command  
  24  5:04  SCV, Refinery  
  25  5:11  Reaper  
  26  5:16  SCV  
  27  5:28  SCV  
  27  5:40  SCV  
  23  5:48  Reaper x3  
  23  5:49  SCV  
  24  5:52  SCV  
  25  5:57  Reaper  
  26  6:05  SCV  
  26  6:06  SCV  
  28  6:17  SCV  
  29  6:19  SCV  
  29  6:20  Reaper x2  
  29  6:21  Reaper  
  33  6:38  SCV x2  
  33  6:39  Factory  
  35  6:42  Reaper  
  35  6:43  Refinery  
  36  6:50  SCV  
  33  7:20  Reaper x2  
  33  7:27  Marine x2  
  33  7:29  SCV  
  34  7:30  Factory Tech Lab  
  34  7:31  SCV  
  34  7:32  Starport  
  35  7:41  SCV, Bunker  
  35  7:43  SCV, Bunker  
  37  7:44  Marine  
  37  7:45  Marine  
  39  7:51  Marine  
  39  7:52  Marine  
  39  7:53  SCV  
  39  7:54  Bunker  
  39  7:57  SCV  
  43  8:02  Marine x2  
  43  8:05  SCV  
  46  8:09  Marine  
  37  8:21  Marine x3  
  37  8:23  Widow Mine  
  37  8:27  Marine  
  31  8:39  Marine x3  
  31  8:41  Banshee  
  30  8:42  Cloaking Field  
  30  8:45  Marine  
  20  8:57  Marine  
  20  8:58  SCV  
  20  8:59  SCV  
  20  9:02  Widow Mine  
  19  9:06  Marine x2  
  18  9:13  Orbital Command  
  17  9:22  SCV  
  18  9:25  Marine x2  
  20  9:40  Marine x2  
  20  9:43  SCV, Marine x2  
  24  10:22  SCV  
  24  10:27  Marine x2  
Show
View Real Time Build Order
Export as new Build Order

MadStar Terran - Winner!

Build Orders:  

Get SALT Encoding   

  12  0:00  SCV  
  13  0:13  SCV  
  14  0:18  Supply Depot  
  14  0:25  SCV  
  15  0:40  SCV  
  15  0:42  Barracks  
  16  0:47  Refinery  
  16  0:52  SCV  
  17  1:01  Barracks  
  17  1:05  SCV  
  18  1:19  Barracks  
  18  1:23  SCV  
  19  1:30  Supply Depot  
  19  1:42  Orbital Command  
  19  1:46  Reaper  
  20  1:54  Refinery  
  20  1:59  Reaper  
  21  2:08  Reaper  
  22  2:11  Supply Depot  
  22  2:20  Barracks  
  22  2:23  Reaper  
  23  2:39  Reaper  
  23  2:43  Reaper  
  25  2:56  Reaper  
  25  3:09  Reaper  
  26  3:16  Reaper  
  27  3:20  Command Center  
  27  3:21  Reaper  
  28  3:32  Reaper  
  29  3:34  SCV  
  29  3:39  Supply Depot  
  30  3:42  Reaper  
  30  3:46  SCV  
  31  3:59  SCV  
  29  4:11  SCV, Reaper  
  29  4:12  Reaper  
  32  4:23  SCV, Reaper x2  
  31  4:51  Reaper x2  
  29  4:55  Reaper  
  29  4:56  Orbital Command  
  30  5:02  SCV  
  31  5:08  Reaper  
  31  5:14  SCV  
  33  5:26  SCV  
  20  5:51  SCV  
  20  5:55  SCV  
  22  5:59  Reaper  
  22  6:00  Reaper x2  
  22  6:01  Reaper  
  22  6:03  SCV  
  27  6:07  SCV  
  27  6:08  Refinery  
  27  6:10  Refinery  
  28  6:15  SCV  
  29  6:19  SCV  
  30  6:27  SCV  
  30  6:31  SCV  
  32  6:39  SCV  
  33  6:41  Factory  
  33  6:43  SCV, Reaper x2  
  33  6:44  Reaper  
  37  6:51  SCV  
  37  6:52  Engineering Bay  
  38  6:55  SCV  
  39  7:03  SCV  
  39  7:06  Command Center  
  39  7:07  SCV  
  37  7:15  SCV  
  37  7:19  SCV  
  39  7:27  SCV  
  40  7:31  SCV  
  40  7:35  Factory Reactor  
  40  7:36  Starport  
  41  7:40  SCV  
  41  7:43  SCV  
  43  7:52  SCV  
  43  7:56  SCV  
  45  7:59  Barracks Tech Lab  
  45  8:00  Barracks Reactor  
  45  8:04  SCV  
  46  8:06  Barracks Reactor  
  46  8:08  SCV  
  46  8:16  SCV  
  46  8:20  SCV  
  46  8:28  SCV  
  46  8:32  SCV  
  45  9:08  Liberator  
  45  9:09  Planetary Fortress  
  44  9:15  Reaper  
  44  9:16  Reaper x5  
  50  9:39  SCV  
  51  9:47  Reaper  
  51  9:48  Reaper x5  
  51  9:52  SCV  
  58  9:57  Refinery  
  58  10:04  SCV  
  56  10:07  Viking  
  56  10:08  Viking  
  56  10:11  Missile Turret  
  56  10:16  SCV  
  56  10:19  Reaper  
  56  10:20  Reaper x5  
  61  10:28  SCV  
  56  10:38  Missile Turret  
  56  10:40  Missile Turret  
  55  10:43  Missile Turret  
  55  10:45  Missile Turret  
  55  10:48  Missile Turret  
Tags
 
Add a new tag
Caveats
  • Supply blocks, unpowered buildings, or Contaminate may cause inaccurate times.
  • Supply counts are checked every 10 seconds.